 Dungeon Crawl Stone Soup version 0.23.2-40-g277498a001 (webtiles) character file.

Game seed: 14744372341275818260

2497 Felnil the Fighter (level 9, -1/84 HPs)
             Began as a Mummy Fighter on Aug 14, 2019.
             Was a Believer of Nemelex Xobeh.
             Slain by a killer bee (3 damage)
             ... on level 8 of the Dungeon.
             The game lasted 00:21:12 (8112 turns).

Felnil the Fighter (Mummy Fighter)                  Turns: 8112, Time: 00:21:13

Health: -1/84      AC:  5    Str: 26    XL:     9   Next: 28%
Magic:  9/9        EV:  8    Int:  7    God:    Nemelex Xobeh [**....]
Gold:   445        SH:  9    Dex: 11    Spells: 8/8 levels left

rFire    . . .     SeeInvis .   a - +0 war axe
rCold    + . .     Gourm    .   c - +0 shield
rNeg     + + +     Faith    .   m - +0 steam dragon scales
rPois    ∞         Spirit   .   (no helmet)
rElec    .         Reflect  .   (no cloak)
rCorr    .         Harm     .   (no gloves)
MR       +....                  (no boots)
Stlth    +.........             (no amulet)
HPRegen  0.24/turn              s - ring of protection from fire
MPRegen  0.11/turn              q - +3 ring of strength

@: no status effects
A: no food or potions, fire vulnerability, cold resistance 1, negative energy
resistance 3, torment resistance, unbreathing
a: Draw Escape, Draw Destruction, Draw Summoning, Renounce Religion


You were on level 8 of the Dungeon.
You worshipped Nemelex Xobeh.
Nemelex Xobeh was pleased with you.
You were not hungry.

You visited 2 branches of the dungeon, and saw 9 of its levels.

You collected 445 gold pieces.

Inventory:

Hand Weapons
 a - a +0 war axe (weapon)
Missiles
 o - 4 tomahawks (quivered)
 u - a throwing net
Armour
 c - a +0 shield (worn)
 m - +0 steam dragon scales (worn)
Jewellery
 j - an uncursed ring of protection from fire
 l - an uncursed ring of stealth
 p - an uncursed ring of fire
 q - a +3 ring of strength (right hand)
 s - a ring of protection from fire (left hand)
 w - an uncursed ring of flight
Wands
 b - a wand of iceblast (10)
 r - a wand of acid (7)
 v - a wand of paralysis (15)
 x - a wand of flame (1)
Scrolls
 d - a scroll of fear {unknown}
 e - 2 scrolls of enchant armour {unknown}
 f - 5 scrolls of teleportation {unknown}
 g - a scroll of enchant weapon {unknown}
 h - 5 scrolls of remove curse {unknown}
 i - 10 scrolls of identify {unknown}
 k - 4 scrolls of noise {unknown}
 n - 2 scrolls of fog {unknown}
 t - 3 scrolls of magic mapping {unknown}


   Skills:
 + Level 12.6 Fighting
 - Level 1.5 Axes
 - Level 2.4 Armour
 - Level 2.4 Shields


You had 8 spell levels left.
You didn't know any spells.
Your spell library contained the following spells:

 Spells                   Type           Power        Failure   Level  Hunger
 Summon Small Mammal      Summ           #...         93%         1    N/A
 Call Imp                 Summ           #.......     98%         2    N/A
 Call Canine Familiar     Summ           #.......     100%        3    N/A
 Summon Guardian Golem    Hex/Summ       #.......     100%        3    N/A
 Summon Ice Beast         Ice/Summ       #.......     100%        4    N/A
 Summon Lightning Spire   Summ/Air       #.......     100%        4    N/A

Dungeon Overview and Level Annotations

Branches:
Dungeon (8/15)             Temple (1/1) D:4
   Lair: D:8-11

Altars:
Dithmenos
Elyvilon
Fedhas
Gozag
Hepliaklqana
Kikubaaqudgha
Makhleb
Nemelex Xobeh
Okawaru
Ru
Sif Muna
Trog
Uskayaw
Vehumet
Wu Jian
Zin
The Shining One


Innate Abilities, Weirdness & Mutations

You do not eat or drink.
Your flesh is vulnerable to fire.
You are immune to poison.
Your flesh is cold resistant. (rC+)
You are immune to negative energy. (rN+++)
You are immune to unholy pain and torment.
You can survive without breathing.


Message History

* * * LOW HITPOINT WARNING * * *
The killer bee stings you.
* * * LOW HITPOINT WARNING * * *
You draw a card...
You have drawn Velocity.
The killer bee seems to slow down. x2
The killer bee buzzes angrily.
The killer bee stings you but does no damage.
The killer bee stings you.
* * * LOW HITPOINT WARNING * * *
The killer bee stings you.
* * * LOW HITPOINT WARNING * * *
You block the killer bee's attack. You block the killer bee's attack.
The killer bee stings you but does no damage.
The killer bee stings you!
* * * LOW HITPOINT WARNING * * *
The killer bee stings you but does no damage.
The killer bee stings you but does no damage.
The killer bee stings you.
You die...
Your body glows slightly and disappears.

..................# ...
...............#### #.#
.....!.........######)#
...............##...)†#
.............)(....##.#
....######(.....#.###.#
... .#.....y#.#


Zso . #......yy#.#..... #......y@#.#...... #........#.#.....##
#.##.#####.##...## #.⌠... .###### ...#.. ....#### You could see 4 killer bees.

Vanquished Creatures
  Sigmund (D:5)
  A hungry ghost (D:8)
  A black bear (D:7)
  A sky beast (D:6)
  3 ogres
  2 bullfrogs
  A big kobold (D:7)
  A killer bee (D:8)
  A howler monkey (D:5)
  2 bullfrog zombies
  3 crimson imps
  3 jellies
  A centaur zombie (D:8)
  2 orc priests
  2 centaur skeletons
  A hound (D:5)
  A bullfrog skeleton (D:4)
  4 worker ants
  An orc wizard (D:6)
  A killer bee zombie (D:8)
  2 hound skeletons
  A hound zombie (D:8)
  12 adders
  A shadow imp (D:8)
  2 oozes (D:1)
  An adder skeleton (D:7)
  An adder zombie (D:5)
  2 dart slugs
  5 leopard geckos
  17 orcs
  2 ball pythons
  3 bats
  5 giant cockroaches
  11 goblins
  4 hobgoblins
  8 jackals
  3 quokkas
  3 frilled lizards (D:4)
  13 kobolds
  2 quokka skeletons
  10 rats
141 creatures vanquished.

Vanquished Creatures (collateral kills)
  2 hippogriffs (D:8)
  A steam dragon (D:6)
  A big kobold (D:8)
  4 wights (D:8)
  A kobold (D:8)
9 creatures vanquished.

Vanquished Creatures (others)
  2 orc warriors (D:8)
  A scorpion (D:8)
  An adder zombie (D:8)
4 creatures vanquished.

Grand Total: 154 creatures vanquished

Notes
Turn   | Place    | Note
-------+----------+-------------------------------------------
     0 | D:1      | Felnil the Mummy Fighter began the quest for the Orb.
     0 | D:1      | Reached XP level 1. HP: 18/18 MP: 1/1
   131 | D:1      | Reached XP level 2. HP: 24/24 MP: 2/2
   310 | D:1      | Reached skill level 4 in Fighting
   368 | D:1      | Reached XP level 3. HP: 30/30 MP: 3/3
  1117 | D:2      | Reached XP level 4. HP: 37/38 MP: 4/4
  1143 | D:2      | Reached skill level 5 in Fighting
  2587 | D:4      | Reached XP level 5. HP: 38/46 MP: 5/5
  2596 | D:4      | Reached skill level 6 in Fighting
  3050 | D:4      | Found a staircase to the Ecumenical Temple.
  3057 | D:4      | Reached XP level 6. HP: 39/53 MP: 6/6
  3067 | Temple   | Entered the Ecumenical Temple
  3186 | Temple   | Became a worshipper of Nemelex Xobeh the Trickster
  3218 | D:4      | Received a gift from Nemelex Xobeh
  3374 | D:4      | Reached skill level 7 in Fighting
  3851 | D:4      | You fall through a shaft for 3 floors!
  4013 | D:6      | Reached * piety under Nemelex Xobeh
  4044 | D:6      | Reached skill level 8 in Fighting
  4044 | D:6      | Reached XP level 7. HP: 41/62 MP: 7/7
  4310 | D:6      | Noticed a steam dragon
  4317 | D:6      | Killed a steam dragon
  4633 | D:6      | You fall through a shaft for 2 floors!
  4665 | D:7      | Received a gift from Nemelex Xobeh
  4757 | D:7      | Reached skill level 9 in Fighting
  5190 | D:5      | Entered Level 5 of the Dungeon
  5335 | D:5      | Reached XP level 8. HP: 54/72 MP: 8/8
  5344 | D:5      | HP: 1/72 [something (6)]
  5350 | D:5      | You fall through a shaft for 2 floors!
  5678 | D:7      | Received a gift from Nemelex Xobeh
  5744 | D:7      | Found a hazy altar of Hepliaklqana.
  5833 | D:5      | Found a bloodstained altar of Trog.
  5852 | D:5      | Reached skill level 10 in Fighting
  6135 | D:5      | Reached ** piety under Nemelex Xobeh
  6171 | D:5      | Noticed Sigmund
  6206 | D:5      | HP: 3/72 [something/magic dart (4)]
  6528 | D:5      | Killed Sigmund
  7158 | D:6      | Noticed a +0 hand axe
  7158 | D:6      | Noticed a -2 hand axe
  7159 | D:6      | Found a hide-covered altar of Uskayaw.
  7446 | D:7      | Reached skill level 11 in Fighting
  7550 | D:7      | Found a radiant altar of Vehumet.
  7550 | D:7      | Found a burning altar of Makhleb.
  7628 | D:8      | Noticed a hippogriff
  7638 | D:8      | Killed a hippogriff
  7798 | D:8      | Noticed a hippogriff
  7813 | D:8      | Killed a hippogriff
  7813 | D:8      | Reached XP level 9. HP: 10/82 MP: 9/9
  7823 | D:8      | Reached skill level 12 in Fighting
  8110 | D:8      | HP: 2/84 [killer bee (8)]
  8112 | D:8      | Slain by a killer bee

Skill      XL: |  1  2  3  4  5  6  7  8  9 |
---------------+----------------------------+-----
Fighting       | 4 5 6 8 9 11 12 | 12.6
Axes           | |  1.5
Armour         | |  2.4
Shields        | |  2.4

Action                   |  1- 3 |  4- 6 |  7- 9 || total
-------------------------+-------+-------+-------++-------
Melee: War axe           |    91 |   189 |   216 ||   496
Throw: Tomahawk          |       |       |     3 ||     3
 Abil: Draw Summoning    |       |       |     3 ||     3
       Draw Escape       |       |       |     4 ||     4
       Draw Destruction  |       |       |     7 ||     7
 Stab: Sleeping          |       |       |     1 ||     1
Armor: Scale mail        |    46 |    88 |     5 ||   139
       Steam dragon scal |       |       |    87 ||    87
Dodge: Dodged            |    28 |    67 |    83 ||   178
Block: Shield            |    55 |    94 |   159 ||   308
